[Event "Titled Tuesday Blitz August 3 2021"]
[White "Firat, Burak"]
[Black "Zhigalko, Sergei"]
[WhiteFideId "6305881"]
[BlackFideId "13502956"]
[WhiteElo "2531"]
[BlackElo "2662"]
[Result "1/2-1/2"]
[Round "03"]
[TimeControl "180+1"]
[Date "2021.08.03"]
[WhiteClock "0:00:10"]
[BlackClock "0:00:04"]

1. d4 Nf6 2. c4 e6 3. Nf3 b6 4. a3 Ba6 5. Qc2 Bb7 6. Nc3 c5 7. d5 exd5 8. cxd5 Nxd5 9. Nxd5 Bxd5 10. e4 Be6 11. h4 Nc6 12. Be3 Be7 13. Bb5 Qc7 14. Ng5 Bf6 15. O-O-O Rc8 16. Ba6 Rd8 17. f4 Bg4 18. e5 Bxg5 19. hxg5 Bxd1 20. Rxd1 d5 21. Bb5 g6 22. Qa4 Rc8 23. Rxd5 O-O 24. Rd6 Nb8 25. Bc4 Rcd8 26. Rf6 Kg7 27. Bd2 Qd7 28. Qxd7 Nxd7 29. Rd6 Nb8 30. Bc3 Kg8 31. Rf6 Nd7 32. Rc6 Nb8 33. Rf6 Nd7 34. Rd6 Nb8 35. Rf6 1/2-1/2


[Site "https://www.chess.com"]

[Event "Titled Tuesday Blitz August 3 2021"]
[White "Flores Quillas, Diego Saul Rodri"]
[Black "Erdogdu, Mert"]
[WhiteFideId "3822508"]
[BlackFideId "6301495"]
[WhiteElo "2071"]
[BlackElo "2485"]
[Result "0-1"]
[Round "03"]
[TimeControl "180+1"]
[Date "2021.08.03"]
[WhiteClock "0:00:03"]
[BlackClock "0:00:41"]

1. e4 c5 2. Nf3 d6 3. d4 cxd4 4. Nxd4 Nf6 5. Nc3 a6 6. Bg5 e6 7. Qe2 Be7 8. f4 Qc7 9. O-O-O Nbd7 10. g3 b5 11. a3 Bb7 12. Bg2 O-O 13. Kb1 Rfc8 14. e5 Bxg2 15. exf6 Bxh1 16. Nxe6 Qc4 17. Qxc4 Rxc4 18. fxe7 fxe6 19. Rxh1 Nf6 20. Rd1 d5 21. f5 Kf7 22. fxe6+ Kxe6 23. Bxf6 gxf6 24. Nxd5 Re8 25. b3 Rc5 26. Nf4+ Kxe7 27. Kb2 Kf7 28. Rd7+ Re7 29. Rd6 Rec7 30. c4 bxc4 31. Nd5 c3+ 32. Kc2 R7c6 33. Rxc6 Rxc6 34. Nxc3 Ke6 35. b4 Ke5 36. a4 Kd4 0-1


[Site "https://www.chess.com"]

[Event "Titled Tuesday Blitz August 3 2021"]
[White "Grabinsky, Aaron"]
[Black "Rustemov, Alexander"]
[WhiteFideId "2087090"]
[BlackFideId "4119002"]
[WhiteElo "2353"]
[BlackElo "2650"]
[Result "0-1"]
[Round "03"]
[TimeControl "180+1"]
[Date "2021.08.03"]
[WhiteClock "0:00:19"]
[BlackClock "0:00:21"]

1. b3 d5 2. Bb2 Nf6 3. Nf3 c6 4. e3 Bf5 5. Be2 h6 6. d3 e6 7. Nbd2 Be7 8. O-O O-O 9. a3 a5 10. c4 Na6 11. cxd5 exd5 12. Re1 Re8 13. Qc2 Bh7 14. Rec1 Bd6 15. Bd4 Qe7 16. Bb2 Nc7 17. Nf1 Nb5 18. a4 Nc7 19. Bc3 Bb4 20. Bd4 Na6 21. Qb2 Bd6 22. N1d2 Nb4 23. Qc3 c5 24. Bxc5 Bxc5 25. Qxc5 Bxd3 26. Qxe7 Rxe7 27. Bxd3 Nxd3 28. Rc3 Nb4 29. Rac1 Nc6 30. Rc5 Rd8 31. Kf1 Ne4 32. Rb5 Nxd2+ 33. Nxd2 d4 34. Nc4 dxe3 35. Nxe3 Rd2 36. Rc2 Rd3 37. Rc1 Nd4 38. Rxa5 Nxb3 39. Ra8+ Kh7 40. Re1 Nc5 41. a5 Ra3 42. g3 Ra2 43. Re2 Ra1+ 44. Kg2 Nb3 45. Rb2 Rxa5 46. Rb8 Nc5 47. Nc4 Ra6 48. Rd8 Rc6 49. Na5 Rcc7 50. Rb8 h5 51. h4 Kg6 52. Rb6+ f6 53. Nc4 Nd3 54. Ne3 Rcd7 55. Rb5 Ne5 56. Rc8 Rd2 57. Rbc5 Nd3 58. Rc2 Ne1+ 59. Kf1 Nxc2 60. Nxc2 Ree2 61. Ne3 Rxf2+ 62. Kg1 Rfe2 63. Rc3 Re1+ 64. Nf1 Rdd1 65. Rf3 b5 66. Kg2 Rxf1 67. Rxf1 Rxf1 68. Kxf1 Kf5 0-1


[Site "https://www.chess.com"]

[Event "Titled Tuesday Blitz August 3 2021"]
[White "Grachev, Boris"]
[Black "Wagh Suyog"]
[WhiteFideId "4129199"]
[BlackFideId "25071688"]
[WhiteElo "2595"]
[BlackElo "2219"]
[Result "1-0"]
[Round "03"]
[TimeControl "180+1"]
[Date "2021.08.03"]
[WhiteClock "0:00:40"]
[BlackClock "0:00:42"]

1. d4 Nf6 2. Bf4 d5 3. e3 c5 4. c3 Nc6 5. Nd2 Bg4 6. Qb3 Qc8 7. h3 Bh5 8. Ngf3 e6 9. Be2 Be7 10. O-O O-O 11. Rfe1 Re8 12. Bf1 c4 13. Qc2 Bg6 14. Qc1 h6 15. Be2 b5 16. a3 a5 17. Bd1 b4 18. Ba4 Nd7 19. e4 Bh7 20. exd5 exd5 21. Nf1 Nb6 22. Bb5 bxc3 23. bxc3 Be4 24. N3d2 Bf5 25. Ne3 Bd7 26. Rb1 Bf8 27. Nf3 Bf5 28. Bxc6 Bxb1 29. Bxe8 Qxe8 30. Qxb1 Na4 31. Nxd5 Qc6 32. Qe4 Rc8 33. Bd2 Bxa3 34. Ne7+ Bxe7 35. Qxc6 Rxc6 36. Rxe7 Ra6 37. Re8+ Kh7 38. Re1 Nb2 39. Ra1 a4 40. Bc1 Nd3 41. Ba3 Rb6 42. Nd2 Rc6 43. d5 Rc8 44. d6 Kg6 45. Rb1 Ne5 46. Rb7 Kf5 47. g4+ Ke6 48. f4 Nc6 49. f5+ Kd5 50. Rb5# 1-0


[Site "https://www.chess.com"]

[Event "Titled Tuesday Blitz August 3 2021"]
[White "Gunina, Valentina"]
[Black "Potapova, Margarita"]
[WhiteFideId "4167570"]
[BlackFideId "14126869"]
[WhiteElo "2399"]
[BlackElo "2229"]
[Result "1-0"]
[Round "03"]
[TimeControl "180+1"]
[Date "2021.08.03"]
[WhiteClock "0:01:04"]
[BlackClock "0:00:16"]

1. d4 Nf6 2. c4 e6 3. Nf3 d5 4. Nc3 dxc4 5. e4 Bb4 6. Bxc4 Nxe4 7. O-O Nf6 8. Bg5 O-O 9. Qe2 Be7 10. Rad1 c6 11. Ne5 Nd5 12. Bxe7 Qxe7 13. f4 Nxc3 14. bxc3 Nd7 15. Bd3 Nf6 16. g4 c5 17. g5 Nd5 18. Bxh7+ Kxh7 19. Qh5+ Kg8 20. Rd3 g6 21. Qh6 Nf6 22. Rh3 Nh5 23. Ng4 f5 24. Qxg6+ Qg7 25. Nh6+ Kh8 26. Qxh5 cxd4 27. Nxf5+ 1-0


[Site "https://www.chess.com"]

[Event "Titled Tuesday Blitz August 3 2021"]
[White "Hamley, Ryan"]
[Black "Iskusnyh, Sergei"]
[WhiteFideId "30959497"]
[BlackFideId "4120027"]
[WhiteElo "2382"]
[BlackElo "2492"]
[Result "0-1"]
[Round "03"]
[TimeControl "180+1"]
[Date "2021.08.03"]
[WhiteClock "0:00:04"]
[BlackClock "0:00:13"]

1. e4 e6 2. d4 d5 3. Nd2 c5 4. exd5 exd5 5. Ngf3 Nc6 6. Bb5 cxd4 7. Nxd4 Bd7 8. Nxc6 bxc6 9. Bd3 Bd6 10. O-O Ne7 11. Re1 O-O 12. b3 Qc7 13. Nf1 Ng6 14. Ng3 Be5 15. Rb1 Rfe8 16. Bd2 Nf4 17. Bf1 g6 18. Qf3 Ne6 19. c3 h5 20. h3 h4 21. Ne2 a5 22. Rbc1 a4 23. Nd4 axb3 24. axb3 Nxd4 25. cxd4 Bxd4 26. Bg5 Be6 27. Bxh4 Ra2 28. Re2 Rea8 29. b4 Rxe2 30. Qxe2 Qf4 31. Rxc6 Qxh4 32. b5 Ra1 33. Rxe6 fxe6 34. Qxe6+ Kh7 35. Qd7+ Bg7 36. Qxd5 Qd4 37. Qf3 Qd1 38. Qxd1 Rxd1 39. g4 Rb1 40. Kg2 Rb2 41. h4 Bd4 42. Kg3 Bxf2+ 43. Kh3 Rb3+ 44. Kg2 Bxh4 0-1


[Site "https://www.chess.com"]

[Event "Titled Tuesday Blitz August 3 2021"]
[White "Hansen, Eric"]
[Black "Vakhlamov, Igor L."]
[WhiteFideId "2606771"]
[BlackFideId "24126748"]
[WhiteElo "2568"]
[BlackElo "2416"]
[Result "1-0"]
[Round "03"]
[TimeControl "180+1"]
[Date "2021.08.03"]
[WhiteClock "0:00:48"]
[BlackClock "0:00:14"]

1. Nf3 Nf6 2. g3 g6 3. b3 Bg7 4. Bb2 O-O 5. Bg2 c5 6. c4 Nc6 7. O-O b6 8. d4 cxd4 9. Nxd4 Bb7 10. Nc3 Rc8 11. e3 Qc7 12. Nde2 Rfd8 13. Qd2 Qb8 14. Rad1 Ne5 15. e4 d6 16. h3 a6 17. Nf4 b5 18. cxb5 axb5 19. Rfe1 b4 20. Ncd5 Nxd5 21. Nxd5 Bxd5 22. exd5 Bf6 23. Re4 Qa8 24. f4 Qa7+ 25. Bd4 Qc7 26. fxe5 dxe5 27. Bf2 Bg7 28. Rxb4 f5 29. Rc4 Qd6 30. Rc6 Rxc6 31. dxc6 Qxd2 32. Rxd2 Rxd2 33. c7 Rc2 34. Bd5+ Kf8 35. Bc4 Rc1+ 36. Kg2 Rxc4 37. bxc4 e4 38. c8=Q+ Kf7 39. c5 Be5 40. c6 f4 41. gxf4 h5 42. fxe5 h4 43. Qg4 g5 44. Qf5+ Ke8 45. c7 g4 46. c8=Q# 1-0


[Site "https://www.chess.com"]

[Event "Titled Tuesday Blitz August 3 2021"]
[White "Hansen, Sune Berg"]
[Black "Onyshchuk, Volodymyr"]
[WhiteFideId "1400266"]
[BlackFideId "14114038"]
[WhiteElo "2654"]
[BlackElo "2603"]
[Result "0-1"]
[Round "03"]
[TimeControl "180+1"]
[Date "2021.08.03"]
[WhiteClock "0:00:49"]
[BlackClock "0:00:48"]

1. e4 e5 2. Nf3 Nc6 3. Bc4 Nf6 4. d3 Bc5 5. c3 d6 6. O-O O-O 7. Re1 a5 8. Nbd2 h6 9. Nf1 Be6 10. Bb5 Qb8 11. d4 Bb6 12. d5 Na7 13. Bd3 Bd7 14. Ng3 Nc8 15. h3 Qa7 16. Rf1 Ne7 17. c4 Bc5 18. Nh2 g5 19. Ng4 Nxg4 20. hxg4 f6 21. Nf5 Nxf5 22. gxf5 Kg7 23. g4 Rh8 24. Kg2 h5 25. gxh5 Rh6 26. Be2 Rah8 27. Bg4 Be8 28. Rh1 Bxf2 29. Qf3 Bd4 30. Rb1 Bf7 0-1


[Site "https://www.chess.com"]

[Event "Titled Tuesday Blitz August 3 2021"]
[White "He, Anthony"]
[Black "Araujo Sanchez, Josue"]
[WhiteFideId "2088215"]
[BlackFideId "6416896"]
[WhiteElo "2353"]
[BlackElo "2181"]
[Result "1-0"]
[Round "03"]
[TimeControl "180+1"]
[Date "2021.08.03"]
[WhiteClock "0:01:26"]
[BlackClock "0:01:31"]

1. d4 Nf6 2. c4 e6 3. Nc3 Bb4 4. Bd2 O-O 5. e3 d5 6. Nf3 c6 7. a3 Ba5 8. Bd3 Nbd7 9. O-O Bc7 10. e4 dxe4 11. Nxe4 Nxe4 12. Bxe4 Nf6 13. Bc2 h6 14. Qe2 b6 15. Bc3 Bb7 16. Rad1 Re8 17. Rfe1 Rc8 18. Ne5 Nd7 19. Rd3 Nxe5 20. dxe5 Qh4 21. Rh3 Qg5 22. Rg3 Qh4 23. Rg4 Qe7 24. Qd3 g6 25. Qe3 Kg7 26. h4 h5 27. Rg5 c5 28. Qg3 Kh8 29. Qf4 Rg8 30. Rxh5+ 1-0


[Site "https://www.chess.com"]

[Event "Titled Tuesday Blitz August 3 2021"]
[White "Hjartarson, Johann"]
[Black "Vasquez Schroeder, Rodrigo"]
[WhiteFideId "2300044"]
[BlackFideId "3400042"]
[WhiteElo "2502"]
[BlackElo "2572"]
[Result "1-0"]
[Round "03"]
[TimeControl "180+1"]
[Date "2021.08.03"]
[WhiteClock "0:00:34"]
[BlackClock "0:00:18"]

1. e4 e5 2. Nf3 Nc6 3. Bc4 Bc5 4. O-O Nf6 5. d3 d6 6. Bg5 h6 7. Bxf6 Qxf6 8. Nc3 O-O 9. Nd5 Qd8 10. c3 a6 11. d4 Ba7 12. h3 Re8 13. Re1 Be6 14. a3 Na5 15. Ba2 c6 16. Ne3 Bxa2 17. Rxa2 b5 18. b4 Nb7 19. dxe5 dxe5 20. Rd2 Bxe3 21. Rxd8 Raxd8 22. Qe2 Ba7 23. c4 Nd6 24. Nd2 Bd4 25. c5 Nc8 26. Nb3 Ne7 27. Rd1 Rd7 28. g3 Red8 29. Kg2 g6 30. h4 h5 31. g4 hxg4 32. Qxg4 Kf8 33. h5 gxh5 34. Qxh5 Ng6 35. Kf1 Bc3 36. Rxd7 Rxd7 37. Na5 Rd2 38. Nxc6 Kg7 39. Qg4 Kf6 40. Qf5+ Kg7 41. Qg5 f6 42. Qg4 Kh6 43. Qh3+ Kg7 44. Qxc3 1-0


[Site "https://www.chess.com"]

[Event "Titled Tuesday Blitz August 3 2021"]
[White "Ibrahimli, Murad"]
[Black "Savitha Shri B"]
[WhiteFideId "13410229"]
[BlackFideId "35061887"]
[WhiteElo "2109"]
[BlackElo "2006"]
[Result "1-0"]
[Round "03"]
[TimeControl "180+1"]
[Date "2021.08.03"]
[WhiteClock "0:00:22"]
[BlackClock "0:00:15"]

1. d4 c5 2. d5 e5 3. c4 d6 4. Nc3 g6 5. e4 Bg7 6. Bd3 Ne7 7. Nge2 O-O 8. f3 f5 9. Bg5 h6 10. Bxe7 Qxe7 11. exf5 gxf5 12. Qc2 Na6 13. a3 Qg5 14. g3 Qe3 15. Rf1 Bd7 16. Qd2 Qxd2+ 17. Kxd2 h5 18. Kc2 Nc7 19. b4 cxb4 20. axb4 Na6 21. Rxa6 bxa6 22. Ra1 e4 23. fxe4 fxe4 24. Bxe4 Rf2 25. Bd3 Bg4 26. Rxa6 Bxc3 27. Kxc3 Bxe2 28. Be4 Rc8 29. Rc6 Rxc6 30. dxc6 Bg4 31. b5 Rxh2 32. Kb4 Rb2+ 33. Kc3 Ra2 34. c5 Ra3+ 35. Kb4 Rxg3 36. cxd6 Kf8 37. c7 Re3 38. Bc6 Re7 39. d7 Rxd7 40. c8=Q+ Ke7 41. Bxd7 Bxd7 42. Qc5+ Kd8 43. Qxh5 Kc7 44. Qc5+ Kb7 45. Ka5 1-0


[Site "https://www.chess.com"]

[Event "Titled Tuesday Blitz August 3 2021"]
[White "Isajevsky, Anton"]
[Black "Urazayev, Arystanbek"]
[WhiteFideId "4142500"]
[BlackFideId "13709810"]
[WhiteElo "2510"]
[BlackElo "2321"]
[Result "0-1"]
[Round "03"]
[TimeControl "180+1"]
[Date "2021.08.03"]
[WhiteClock "0:00:01"]
[BlackClock "0:00:06"]

1. c4 e6 2. Nf3 c5 3. Nc3 b6 4. e3 Bb7 5. Be2 Nf6 6. O-O Be7 7. d4 cxd4 8. Nxd4 O-O 9. b3 d5 10. Bb2 Nc6 11. cxd5 Nxd4 12. Qxd4 Bc5 13. Qe5 exd5 14. Nb5 Re8 15. Qg3 Ba6 16. Rfe1 Bb4 17. Red1 Bf8 18. Bd3 Nh5 19. Qf3 g6 20. Rac1 Rc8 21. Rxc8 Bxc8 22. Nxa7 Bb7 23. Nb5 Bg7 24. Bxg7 Kxg7 25. Nd4 Nf6 26. Rc1 Qe7 27. Qf4 Qa3 28. Rc2 Ba6 29. Bxa6 Qxa6 30. Qf3 Ne4 31. Qe2 Qa5 32. a4 Qb4 33. Qd3 Qa3 34. g3 Nc5 0-1


[Site "https://www.chess.com"]

[Event "Titled Tuesday Blitz August 3 2021"]
[White "Ismagilov, Damir"]
[Black "Salinas Herrera, Pablo"]
[WhiteFideId "34199982"]
[BlackFideId "3407128"]
[WhiteElo "2075"]
[BlackElo "2541"]
[Result "1-0"]
[Round "03"]
[TimeControl "180+1"]
[Date "2021.08.03"]
[WhiteClock "0:00:53"]
[BlackClock "0:01:12"]

1. d4 d5 2. c4 e6 3. Nc3 Nf6 4. cxd5 exd5 5. Bg5 c6 6. e3 h6 7. Bh4 Bd6 8. Bd3 O-O 9. Nf3 Be6 10. O-O Nbd7 11. Qc2 Re8 12. Rab1 a5 13. a3 Qb8 14. Bg3 Bxg3 15. hxg3 Qd6 16. Rfc1 Bg4 17. Na4 Ne4 18. Bxe4 Rxe4 19. Nc5 Nxc5 20. Qxc5 Qf6 21. Ne5 Bf5 22. Re1 h5 23. Rbc1 Qg5 24. Qc3 f6 25. f3 fxe5 26. fxe4 exd4 27. exd4 Bxe4 28. Qe3 Qg6 29. Rf1 h4 30. Rc3 Re8 31. Qf4 Bd3 32. Rxd3 1-0


[Site "https://www.chess.com"]

[Event "Titled Tuesday Blitz August 3 2021"]
[White "Ivanisevic, Ivan"]
[Black "Abdusattorov, Nodirbek"]
[WhiteFideId "912417"]
[BlackFideId "14204118"]
[WhiteElo "2499"]
[BlackElo "2662"]
[Result "0-1"]
[Round "03"]
[TimeControl "180+1"]
[Date "2021.08.03"]
[WhiteClock "0:00:01"]
[BlackClock "0:00:10"]

1. d4 d5 2. c4 dxc4 3. e3 Nf6 4. Bxc4 e6 5. Nf3 c5 6. O-O a6 7. dxc5 Bxc5 8. Qxd8+ Kxd8 9. Be2 Ke7 10. Ne5 Nbd7 11. Nd3 Bd6 12. Nd2 b5 13. Bf3 Rb8 14. a4 Bb7 15. axb5 axb5 16. Bxb7 Rxb7 17. Nb3 Rc8 18. Bd2 Ne4 19. Bb4 Bxb4 20. Nxb4 Nb6 21. Nd4 Nc4 22. b3 Ne5 23. f3 Nd6 24. Ra6 Rc3 25. f4 Ng4 26. Nbc6+ Kf6 27. Ne5 Nxe3 28. Rxd6 Nxf1 29. Kxf1 Ra7 30. Rd7 Rxd7 31. Nxd7+ Ke7 32. Ne5 f6 33. Nef3 b4 34. Ke2 Kd6 35. Nd2 Kd5 36. N4f3 h6 37. g3 g5 38. fxg5 hxg5 39. Ne1 f5 40. Nd3 e5 41. Nxb4+ Ke6 42. Nd3 e4 43. Nb2 Kd5 44. Nbc4 f4 45. gxf4 gxf4 46. Nb6+ Kd4 47. Na4 f3+ 48. Kd1 Rd3 49. Nb2 Rc3 50. Na4 Rc6 51. Nb2 Ke3 52. Nbc4+ Kf4 53. Nf1 Ra6 54. Kc2 Ra2+ 55. Kc3 Re2 56. b4 e3 57. b5 Rc2+ 58. Kxc2 e2 59. Nb2 exf1=Q 60. Nd3+ Ke3 61. Nc5 Qxb5 0-1


[Site "https://www.chess.com"]

[Event "Titled Tuesday Blitz August 3 2021"]
[White "Jacobson, Brandon"]
[Black "Nitin, S."]
[WhiteFideId "30901561"]
[BlackFideId "5018277"]
[WhiteElo "2362"]
[BlackElo "2431"]
[Result "1-0"]
[Round "03"]
[TimeControl "180+1"]
[Date "2021.08.03"]
[WhiteClock "0:00:47"]
[BlackClock "0:00:46"]

1. d4 Nf6 2. c4 g6 3. Nc3 Bg7 4. e4 d6 5. Nf3 O-O 6. Be2 e5 7. O-O Nc6 8. dxe5 Nxe5 9. Bf4 Nfd7 10. Qd2 Re8 11. Rad1 Nxf3+ 12. Bxf3 Ne5 13. Be2 Be6 14. b3 a5 15. Bg5 Qc8 16. Nd5 Bxd5 17. cxd5 Nd7 18. f3 Nc5 19. Bb5 c6 20. dxc6 bxc6 21. Bc4 Be5 22. Kh1 Qc7 23. Qf2 Ne6 24. Be3 a4 25. f4 Bg7 26. f5 Nd8 27. fxg6 hxg6 28. Bb6 Qe7 29. Bxd8 Rexd8 30. Bxf7+ Kh8 31. Qg3 Qe5 32. Qxg6 d5 33. Rf5 Rd6 34. Rh5+ Qxh5 35. Qxh5+ Rh6 36. Qg5 Rf8 37. Bg6 axb3 38. axb3 d4 39. e5 c5 40. e6 Rf6 41. e7 Rfxg6 42. e8=Q+ Kh7 43. Qe4 1-0


[Site "https://www.chess.com"]

[Event "Titled Tuesday Blitz August 3 2021"]
[White "Jaracz, Pawel"]
[Black "Kobalia, Mikhail"]
[WhiteFideId "1102222"]
[BlackFideId "4119150"]
[WhiteElo "2495"]
[BlackElo "2569"]
[Result "0-1"]
[Round "03"]
[TimeControl "180+1"]
[Date "2021.08.03"]
[WhiteClock "0:00:01"]
[BlackClock "0:01:46"]

1. d4 Nf6 2. Nf3 g6 3. c4 Bg7 4. g3 O-O 5. Bg2 d6 6. O-O Nc6 7. Nc3 a6 8. h3 Bd7 9. e4 Qc8 10. Kh2 e5 11. dxe5 dxe5 12. Re1 Re8 13. Nd5 Nd8 14. Bg5 Nxd5 15. cxd5 c6 16. Rc1 Qb8 17. Qb3 cxd5 18. exd5 f6 19. Be3 Nf7 20. Nd2 Nd6 21. Bc5 b5 22. Qb4 Nf5 23. Ne4 a5 24. Qd2 b4 25. d6 Kh8 26. h4 Nh6 27. f3 Nf5 28. h5 gxh5 29. Bh3 Nd4 30. Bxd4 Bxh3 31. Qf4 exf4 0-1


[Site "https://www.chess.com"]

[Event "Titled Tuesday Blitz August 3 2021"]
[White "Kalashian, David"]
[Black "Samadov, Read"]
[WhiteFideId "13302418"]
[BlackFideId "13417444"]
[WhiteElo "2490"]
[BlackElo "2084"]
[Result "0-1"]
[Round "03"]
[TimeControl "180+1"]
[Date "2021.08.03"]
[WhiteClock "0:00:05"]
[BlackClock "0:01:23"]

1. e4 c5 2. Nc3 Nc6 3. Nf3 e5 4. Bc4 d6 5. d3 Be7 6. Nd2 Bg5 7. Nf1 Bxc1 8. Rxc1 Nge7 9. Ne3 O-O 10. O-O Be6 11. Ncd5 Ng6 12. c3 a6 13. a3 b5 14. Bb3 Nce7 15. Nxe7+ Qxe7 16. Bd5 Rab8 17. g3 Kh8 18. Qh5 f6 19. f4 Bxd5 20. Nxd5 Qf7 21. f5 Ne7 22. Qxf7 Rxf7 23. Nxe7 Rxe7 24. Kf2 Kg8 25. Ke3 Kf7 26. g4 Rd7 27. h4 d5 28. g5 dxe4 29. Kxe4 Rbd8 30. Rf3 c4 31. Rd1 a5 32. Rg3 a4 33. Rf3 Rxd3 34. Rfxd3 cxd3 35. Rxd3 Rxd3 36. Kxd3 fxg5 37. hxg5 h6 38. gxh6 gxh6 39. c4 bxc4+ 40. Kxc4 h5 41. b4 axb3 42. Kxb3 h4 43. a4 h3 44. a5 h2 0-1


[Site "https://www.chess.com"]

[Event "Titled Tuesday Blitz August 3 2021"]
[White "Karacsonyi, Gellert"]
[Black "Prydun, Andriy"]
[WhiteFideId "764620"]
[BlackFideId "14145898"]
[WhiteElo "2192"]
[BlackElo "2024"]
[Result "1-0"]
[Round "03"]
[TimeControl "180+1"]
[Date "2021.08.03"]
[WhiteClock "0:00:17"]
[BlackClock "0:00:06"]

1. e4 c6 2. d4 d5 3. exd5 cxd5 4. Bd3 Nc6 5. c3 g6 6. Nf3 Bf5 7. Bf4 Nf6 8. h3 Bxd3 9. Qxd3 Bg7 10. O-O O-O 11. Nbd2 Ne8 12. Rae1 Nd6 13. Ne5 Rc8 14. h4 a6 15. Ndf3 b5 16. Nxc6 Rxc6 17. Be5 Ne4 18. Bxg7 Kxg7 19. Ne5 Rc7 20. f3 Nd6 21. Rf2 f6 22. Ng4 Nf5 23. h5 Ng3 24. h6+ Kf7 25. Qe3 Qd7 26. Qf4 Nf5 27. Ne3 Qd6 28. Qxd6 Nxd6 29. Nxd5 Rb7 30. g4 Rd8 31. Rfe2 Nc8 32. Nb4 a5 33. Nc6 Rd6 34. Nxa5 Ra7 35. b4 Rc7 36. Nb3 Rxc3 37. Kg2 Rc4 38. Re4 Rxb4 39. Rc1 Rc4 40. Ree1 Rdc6 41. Kf2 Nb6 42. Rxc4 bxc4 43. Na5 Rc7 44. Rc1 c3 45. Ke3 Ra7 46. Nc6 Rxa2 47. Nb4 Rb2 48. Nd3 Ra2 49. f4 Nc4+ 50. Kf3 Nd2+ 51. Ke3 Nc4+ 52. Kf3 Nd2+ 53. Kg3 Nc4 54. Rxc3 Ne3 55. Kf3 Nf1 56. Rc8 Nh2+ 57. Ke4 Nf1 58. Rh8 Re2+ 59. Kd5 Ne3+ 60. Kc5 Nxg4 61. Rxh7+ Kg8 62. Rg7+ Kh8 63. Rxg6 f5 64. Ne5 Kh7 65. Rg7+ Kxh6 66. Rxe7 Nf2 67. Nf7+ 1-0


[Site "https://www.chess.com"]

[Event "Titled Tuesday Blitz August 3 2021"]
[White "Karavade, Eesha"]
[Black "Peralta, Eduardo"]
[WhiteFideId "5012600"]
[BlackFideId "3700062"]
[WhiteElo "2258"]
[BlackElo "2205"]
[Result "1-0"]
[Round "03"]
[TimeControl "180+1"]
[Date "2021.08.03"]
[WhiteClock "0:01:06"]
[BlackClock "0:00:06"]

1. Nf3 g6 2. d4 Bg7 3. b3 f5 4. Bb2 Nf6 5. g3 O-O 6. Bg2 d6 7. O-O c6 8. c4 Nbd7 9. Nc3 Ne4 10. Nxe4 fxe4 11. Ng5 Nf6 12. Nxe4 Bd7 13. Qd2 Qc8 14. Nxf6+ Bxf6 15. e4 Bh3 16. f4 Bxg2 17. Kxg2 Bg7 18. d5 h5 19. Bxg7 Kxg7 20. Qd4+ Kg8 21. h4 Qg4 22. Rae1 c5 23. Qd1 Qd7 24. e5 Qf5 25. Qb1 Qxb1 26. Rxb1 dxe5 27. fxe5 Rxf1 28. Rxf1 Rb8 29. a4 a6 30. d6 exd6 31. exd6 Rd8 32. Rd1 Kf7 33. Kf3 Rd7 34. Kf4 Kf6 35. a5 g5+ 36. hxg5+ Ke6 37. g6 Kf6 38. g7 Kxg7 39. Ke5 Kf7 40. Rf1+ Ke8 41. Ke6 h4 42. gxh4 b6 43. Rf8+ Kxf8 1-0


[Site "https://www.chess.com"]

[Event "Titled Tuesday Blitz August 3 2021"]
[White "Khodzhamkuliev, Bahadur"]
[Black "Jobava, Baadur"]
[WhiteFideId "24135046"]
[BlackFideId "13601520"]
[WhiteElo "2130"]
[BlackElo "2748"]
[Result "0-1"]
[Round "03"]
[TimeControl "180+1"]
[Date "2021.08.03"]
[WhiteClock "0:00:19"]
[BlackClock "0:01:43"]

1. Nf3 d5 2. c4 Nf6 3. cxd5 c6 4. d4 cxd5 5. Nc3 Nc6 6. Bf4 e6 7. e3 Be7 8. Bb5 Bd7 9. O-O O-O 10. Rc1 Qa5 11. Bd3 Rfc8 12. Bb1 Qd8 13. a3 h6 14. Ne5 Be8 15. Nxc6 bxc6 16. Na4 Nd7 17. Qd3 f5 18. h3 c5 19. Nxc5 Nxc5 20. dxc5 Bxc5 21. Be5 a5 22. Rc3 Bd6 23. Bxd6 Qxd6 24. Rfc1 Rcb8 25. Rc7 Qe5 26. R1c2 Rxb2 27. f4 Rxb1+ 28. Kh2 Qf6 29. R2c5 Qa1 30. Qd2 Rh1+ 31. Kg3 Qe1+ 32. Qxe1 Rxe1 33. Re7 Bf7 34. Rcc7 Rf8 35. Kf2 Ra1 36. Rc3 Ra2+ 37. Kf3 Kh7 38. Ra7 Kg6 39. Rcc7 Kf6 40. Rc3 g5 41. Rxa5 gxf4 42. exf4 Rg8 43. Rc7 Bh5+ 44. Ke3 Rg3+ 45. Kd4 Rd2+ 46. Kc5 Rc3+ 47. Kd6 Rxc7 48. Kxc7 Rxg2 49. Ra8 d4 50. Rf8+ Ke7 51. Rd8 Rc2+ 0-1


[Site "https://www.chess.com"]

[Event "Titled Tuesday Blitz August 3 2021"]
[White "Kim, Sergey"]
[Black "Petriashvili, Nikoloz"]
[WhiteFideId "13700570"]
[BlackFideId "13611216"]
[WhiteElo "2580"]
[BlackElo "2430"]
[Result "0-1"]
[Round "03"]
[TimeControl "180+1"]
[Date "2021.08.03"]
[WhiteClock "0:00:02"]
[BlackClock "0:00:03"]

1. d4 Nf6 2. c4 g6 3. Nc3 d5 4. cxd5 Nxd5 5. e4 Nxc3 6. bxc3 Bg7 7. Bc4 c5 8. Ne2 O-O 9. O-O Nc6 10. Be3 e6 11. Qd2 Qa5 12. Qb2 b6 13. Rfd1 Bb7 14. d5 Ne5 15. Bb3 c4 16. Bc2 exd5 17. exd5 Bxd5 18. Nd4 Rad8 19. h3 Rfe8 20. a4 Nc6 21. Nb5 Be6 22. Be4 Ne7 23. Bd4 Bxd4 24. Rxd4 Rxd4 25. Nxd4 Bd5 26. Bc2 Nc6 27. Nb5 Re7 28. Qa3 a6 29. Nd4 Qc5 30. Qxc5 bxc5 31. Nxc6 Bxc6 32. a5 Re2 33. Ba4 Be4 34. Bd1 Rb2 35. f3 Bd3 36. Ba4 Kf8 37. Bc6 Ke7 38. Bd5 f6 39. h4 Kd6 40. Bg8 Rb3 41. Rc1 h6 42. g4 g5 43. h5 Ra3 44. Kf2 Rxa5 45. Re1 Ra2+ 46. Kg3 Re2 47. Ra1 Rc2 48. Rxa6+ Ke7 49. Ra7+ Kf8 50. Be6 Rxc3 51. Rf7+ Ke8 52. Rxf6 Rc1 53. Bg8 c3 54. Bb3 c4 55. Ba4+ Ke7 56. Rc6 Ra1 57. Rc7+ Kd6 58. Rd7+ Ke6 59. Rc7 Rxa4 0-1


[Site "https://www.chess.com"]

[Event "Titled Tuesday Blitz August 3 2021"]
[White "Krysa, Leandro"]
[Black "Lazavik, Denis"]
[WhiteFideId "116807"]
[BlackFideId "13515110"]
[WhiteElo "2490"]
[BlackElo "2436"]
[Result "0-1"]
[Round "03"]
[TimeControl "180+1"]
[Date "2021.08.03"]
[WhiteClock "0:00:05"]
[BlackClock "0:00:03"]

1. e4 e5 2. Nf3 Nc6 3. Bc4 Bc5 4. d3 Nf6 5. c3 d6 6. Bb3 h6 7. Nbd2 O-O 8. Nf1 Be6 9. Bc2 d5 10. exd5 Bxd5 11. Ng3 Re8 12. O-O Qd7 13. b4 Bf8 14. b5 Nd8 15. Re1 Bxf3 16. Qxf3 Qxb5 17. Bxh6 Qc6 18. Qxc6 Nxc6 19. Bg5 Nd5 20. Bd2 Rad8 21. Ba4 Nb6 22. Bxc6 bxc6 23. d4 Nc4 24. Be3 a5 25. Nf1 Ba3 26. Rab1 Bb2 27. dxe5 Rxe5 28. Bd4 Rxe1 29. Rxe1 c5 30. Bxc5 Bxc3 31. Rc1 Rd3 32. Ne3 Nxe3 33. Bxe3 Bb2 34. Rb1 a4 35. Kf1 a3 36. Ke2 Rc3 37. Rd1 f6 38. Rd3 Rc2+ 39. Rd2 Rc4 40. Kd1 Re4 41. Rc2 Re7 42. Rc6 Kf7 43. g4 Rd7+ 44. Kc2 Be5 45. h4 Bd6 46. h5 Re7 47. Rc4 Re5 48. Bd4 Re2+ 49. Kb3 Re4 50. Be3 Re8 51. Rc6 Rb8+ 52. Kc4 Rb2 53. Bc5 Rxa2 54. Bxd6 Rc2+ 0-1


[Site "https://www.chess.com"]

[Event "Titled Tuesday Blitz August 3 2021"]
[White "Krzywda, Andrzej"]
[Black "Nazaretyan, Tigran"]
[WhiteFideId "1114565"]
[BlackFideId "24162345"]
[WhiteElo "2100"]
[BlackElo "2214"]
[Result "0-1"]
[Round "03"]
[TimeControl "180+1"]
[Date "2021.08.03"]
[WhiteClock "0:00:03"]
[BlackClock "0:00:39"]

1. e4 c5 2. Nc3 Nc6 3. Bb5 Nd4 4. Nf3 a6 5. Bd3 Nc6 6. O-O d6 7. a3 g6 8. b4 Bg7 9. Bb2 Nf6 10. bxc5 dxc5 11. Re1 O-O 12. e5 Ng4 13. Na4 c4 14. Bf1 Qa5 15. h3 Nxf2 16. Kxf2 Qxa4 17. Kg1 b5 18. Ng5 Bf5 19. Rc1 Rad8 20. Qf3 Nd4 21. Qf2 Nxc2 22. Red1 h6 23. g4 Bd3 24. Nf3 Nxa3 25. Ra1 b4 26. Qb6 Qb5 27. Qa7 Rd7 28. Qe3 Nc2 29. Qf4 Nxa1 30. Rxa1 g5 31. Qe3 Bxf1 32. Rxf1 e6 33. Rf2 c3 34. dxc3 Rd3 35. Qe4 bxc3 36. Bc1 Rd1+ 37. Kg2 Rxc1 38. Qe3 Qb1 39. Nd4 Rg1+ 40. Kf3 f5 41. Nxe6 fxg4+ 42. Ke2 Qd1# 0-1


[Site "https://www.chess.com"]